[Event "Team 45 45 League T54"]
[Site "Internet Chess Club"]
[Date "2012.08.16"]
[Round "1"]
[White "mmf00"]
[Black "Greedy-Reedy"]
[Result "1/2-1/2"]
[WhiteElo "2057"]
[BlackElo "1993"]
[Opening "Scandinavian: Pytel-Wade variation"]
[ECO "B01"]
[Time "13:14:41"]
[TimeControl "2700+45"]

1. e4 d5 2. exd5 Qxd5 3. Nc3 Qd6 4. d4 Nf6 5. Nf3 a6 6. h3 b5 7. Bd3 Bb7 8. a3
Nbd7 9. O-O e6 10. Re1 Be7 11. Bg5 O-O 12. Ne5 c5 13. Nxd7 Nxd7 14. Bxe7 Qxe7
15. Qh5 g6 16. Qg4 f5 17. Qf4 cxd4 18. Qxd4 e5 19. Qe3 f4 20. Qd2 f3 21. g3 Qe6
22. Bf1 Rad8 23. Qe3 Qf5 24. Ne4 Bxe4 25. Qxe4 Rfe8 26. Rad1 Qf6 27. Rd3 Nc5 28.
Qxf3 Qxf3 29. Rxf3 Rd2 30. b4 Nb7 31. c4 Nd6 32. c5 Nf5 33. Rc3 Nd4 34. c6 Rc8
35. Rxe5 Rxc6 36. Rxc6 Nxc6 37. Re6 Nd4 38. Rxa6 Nf3+ 39. Kg2 Ne1+ 40. Kh1 Rxf2
41. Kg1 Rf5 42. Be2 Nf3+ 43. Bxf3 Rxf3 44. Kg2 Rd3 45. Ra5 Kf7 46. Rxb5 Rxa3 47.
Rb7+ Kg8 48. b5 h5 49. b6 Rb3 50. Kf2 {Game drawn by mutual agreement} 1/2-1/2

[Event "Team 45 45 League T54"]
[Site "Internet Chess Club"]
[Date "2012.08.17"]
[Round "1"]
[White "beitmery"]
[Black "Mymas"]
[Result "0-1"]
[WhiteElo "1777"]
[BlackElo "1698"]
[Opening "Nimzo-Indian: 4.e3"]
[ECO "E40"]
[Time "15:21:20"]
[TimeControl "2700+45"]

1. d4 Nf6 2. c4 e6 3. Nc3 Bb4 4. e3 d6 5. Bd3 Nbd7 6. Ne2 c5 7. O-O Bxc3 8. Nxc3
O-O 9. d5 Ne5 10. dxe6 Bxe6 11. b3 d5 12. cxd5 Nxd3 13. dxe6 fxe6 14. Ba3 b6 15.
Qe2 Rf7 16. Rfd1 Rd7 17. f4 Rb8 18. Rd2 Nxf4 19. exf4 Rxd2 20. Rd1 Rxd1+ 21.
Nxd1 Qd4+ 22. Kh1 Rd8 23. Nf2 Qd2 24. Qxe6+ Kh8 25. Nh3 Re8 26. Qc4 Re1+ 27. Ng1
Qd1 28. Bxc5 Ne4 29. Be3 Rxg1+ 30. Bxg1 Nf2# {White checkmated} 0-1

[Event "Team 45 45 League T54"]
[Site "Internet Chess Club"]
[Date "2012.08.15"]
[Round "1"]
[White "zigzag2002"]
[Black "jantonio"]
[Result "0-1"]
[WhiteElo "1952"]
[BlackElo "1544"]
[Opening "Pirc defense"]
[ECO "B07"]
[Time "19:00:18"]
[TimeControl "2700+45"]

1. e4 d6 2. d4 Nf6 3. Nc3 g6 4. Be3 c6 5. Bd3 b5 6. f4 b4 7. Nce2 Bg7 8. h3 Ba6
9. Nf3 Bxd3 10. cxd3 a5 11. O-O O-O 12. g4 Na6 13. Ng3 Re8 14. g5 Nd7 15. f5 e5
16. f6 Bf8 17. h4 exd4 18. Nxd4 Qc7 19. Rc1 d5 20. Kg2 Ndc5 {White disconnected
and forfeits} 0-1

[Event "Team 45 45 League T54"]
[Site "Internet Chess Club"]
[Date "2012.08.21"]
[Round "1"]
[White "PaulRichard"]
[Black "juniorVishy"]
[Result "0-1"]
[WhiteElo "1564"]
[BlackElo "1854"]
[Opening "Sicilian: Hungarian variation"]
[ECO "B27"]
[Time "10:00:28"]
[TimeControl "2700+45"]

1. e4 c5 2. Nf3 g6 3. d4 cxd4 4. Nxd4 Bg7 5. Be3 Nf6 6. f3 Nc6 7. Nxc6 bxc6 8.
Qd2 d5 9. e5 Nd7 10. f4 O-O 11. Be2 Bb7 12. O-O Qc7 13. Nc3 Nb6 14. Bc5 Rfd8 15.
a4 Nd7 16. Bxe7 Re8 17. Bd6 Qb6+ 18. Kh1 a5 19. Bg4 f5 20. Bf3 Bf8 21. Bxf8 Nxf8
22. Rfd1 Ne6 23. Ne2 Rab8 24. b3 d4 25. Nxd4 Rbd8 26. Qc3 Nxd4 27. Qc4+ Kg7 28.
Qc3 Bc8 29. Rd3 Nxf3 30. Rxf3 Be6 31. Rd3 Rxd3 32. Qxd3 Rd8 33. Qc3 Qd4 34. Qxd4
Rxd4 35. g3 Rd2 36. Rc1 Bd5+ 37. Kg1 Rg2+ 38. Kf1 Rxh2 39. Ke1 Rh1+ 40. Kd2 Rxc1
41. Kxc1 Kh6 42. Kd2 Kh5 43. Ke3 Kg4 44. Kf2 h5 45. c4 Be6 46. Kg2 h4 47. gxh4
Kxf4 48. Kh3 Kxe5 49. h5 gxh5 50. Kg3 f4+ 51. Kf3 h4 {White resigns} 0-1

[Event "Team 45 45 League T54"]
[Site "Internet Chess Club"]
[Date "2012.08.26"]
[Round "1"]
[White "Sir-Sinister"]
[Black "DarkFlow"]
[Result "1/2-1/2"]
[WhiteElo "1996"]
[BlackElo "1910"]
[Opening "Scotch gambit: Dubois-Réti defense"]
[ECO "C55"]
[Time "12:00:26"]
[TimeControl "2700+45"]

1. e4 e5 2. Nf3 Nc6 3. d4 exd4 4. Bc4 Nf6 5. e5 d5 6. Bb5 Ne4 7. Nxd4 Bd7 8.
Bxc6 bxc6 9. O-O Bc5 10. Be3 Bb6 11. f3 Ng5 12. Qd2 h6 13. a4 a5 14. Nb3 O-O 15.
Nc3 Ne6 16. Rad1 Qe7 17. f4 Nc5 18. Nxc5 Bxc5 19. f5 Bb6 20. Rde1 Bxe3+ 21. Qxe3
Qg5 22. Qxg5 hxg5 23. e6 fxe6 24. fxe6 Rxf1+ 25. Kxf1 Rf8+ 26. Kg1 Bc8 27. Re5
{Game drawn by mutual agreement} 1/2-1/2

[Event "Team 45 45 League T54"]
[Site "Internet Chess Club"]
[Date "2012.08.18"]
[Round "1"]
[White "Moondog"]
[Black "MeoPatacca"]
[Result "0-1"]
[WhiteElo "1776"]
[BlackElo "1817"]
[Opening "French: Winawer, advance, positional main line"]
[ECO "C19"]
[Time "14:55:19"]
[TimeControl "2700+45"]

1. e4 e6 2. d4 d5 3. Nc3 Bb4 4. e5 c5 5. a3 Bxc3+ 6. bxc3 Ne7 7. Nf3 Nbc6 8. a4
Qa5 9. Qd2 Bd7 10. Bd3 c4 11. Be2 f6 12. O-O O-O-O 13. Ba3 Nf5 14. Rfb1 fxe5 15.
dxe5 d4 16. cxd4 Qxd2 17. Nxd2 Nfxd4 18. Nxc4 {White resigns} 0-1

[Event "Team 45 45 League T54"]
[Site "Internet Chess Club"]
[Date "2012.08.17"]
[Round "1"]
[White "ghostfire"]
[Black "ILRE"]
[Result "1-0"]
[WhiteElo "1778"]
[BlackElo "1555"]
[Opening "French: classical, Pollock variation"]
[ECO "C14"]
[Time "20:00:13"]
[TimeControl "2700+45"]

1. e4 e6 2. d4 d5 3. Nc3 Nf6 4. Bg5 Be7 5. e5 Nfd7 6. Bxe7 Qxe7 7. Qg4 f6 8. f4
O-O 9. Nf3 a6 10. Bd3 f5 11. Qh3 c5 12. g4 cxd4 13. Nxd4 Nc5 14. Be2 Nc6 15.
Nxc6 bxc6 16. gxf5 Rxf5 17. Qg3 Rb8 18. O-O-O a5 19. Rhg1 a4 20. a3 Qb7 21. Bd3
Nxd3+ 22. Rxd3 Ra8 23. Qh4 Qb6 24. Rxg7+ Kxg7 25. Qe7+ Kh6 26. Rh3+ {Black
resigns} 1-0

[Event "Team 45 45 League T54"]
[Site "Internet Chess Club"]
[Date "2012.08.18"]
[Round "1"]
[White "alexping"]
[Black "primerpaso"]
[Result "0-1"]
[WhiteElo "1881"]
[BlackElo "1949"]
[Opening "Nimzo-Indian: three knights variation"]
[ECO "E21"]
[Time "12:00:43"]
[TimeControl "2700+45"]

1. d4 Nf6 2. c4 e6 3. Nc3 Bb4 4. Nf3 c5 5. a3 cxd4 6. axb4 dxc3 7. bxc3 b6 8.
Bg5 Bb7 9. Qd4 Nc6 10. Qh4 h6 11. e3 Rg8 12. Bxf6 Qxf6 13. Qxf6 gxf6 14. Rg1
Nxb4 15. cxb4 Bxf3 16. g3 a5 17. Be2 Bc6 18. Kd2 Ke7 19. Kc3 d5 20. cxd5 Bxd5
21. bxa5 bxa5 22. Rgb1 Rgc8+ 23. Kd2 a4 24. Ra3 Bb3 25. Rb2 Kd6 26. Bh5 Kc5 27.
Bxf7 Kb4 28. Ra1 Rd8+ 29. Ke1 Rd6 30. Bh5 a3 31. Rbb1 a2 32. Rc1 Ka3 33. Bg6 Kb2
34. Be4 Rad8 35. Bf3 Rd2 36. Be2 Bc2 37. Bc4 Bb1 38. Bxa2 Kxa1 39. Bxe6 Kb2 40.
Rc4 Ba2 41. Rb4+ Ka3 42. Rb6 R2d6 43. Rxd6 Rxd6 44. Bf5 Be6 45. Be4 Bd5 46. Bf5
Bf3 47. Bc2 Kb2 {White resigns} 0-1

[Event "Team 45 45 League T54"]
[Site "Internet Chess Club"]
[Date "2012.08.18"]
[Round "1"]
[White "FlyingTiger"]
[Black "Beetlejuice"]
[Result "1-0"]
[WhiteElo "1759"]
[BlackElo "1765"]
[Opening "Sicilian: closed"]
[ECO "B23"]
[Time "09:01:14"]
[TimeControl "2700+45"]

1. e4 c5 2. Nc3 a6 3. f4 b5 4. a3 Bb7 5. d3 e6 6. Nf3 Nf6 7. Be2 d5 8. e5 Nfd7
9. O-O Nc6 10. Kh1 Ne7 11. d4 Nf5 12. a4 b4 13. Na2 Qb6 14. c3 b3 15. a5 Qxa5
16. Qxb3 Bc6 17. Bd2 c4 18. Qc2 Qc7 19. g4 Ne7 20. f5 h5 21. fxe6 fxe6 22. Ng5
hxg4 23. Nxe6 Qb8 24. Bxg4 Nf6 25. Bf5 Ne4 26. Bxe4 dxe4 27. Be3 g6 28. Nb4 Bb7
29. Qa4+ {Black resigns} 1-0

[Event "Team 45 45 League T54"]
[Site "Internet Chess Club"]
[Date "2012.08.17"]
[Round "1"]
[White "MontanaSky"]
[Black "Portola"]
[Result "1-0"]
[WhiteElo "1734"]
[BlackElo "1655"]
[Opening "QGD: exchange, positional line"]
[ECO "D35"]
[Time "17:00:38"]
[TimeControl "2700+45"]

1. d4 d5 2. c4 e6 3. Nc3 Nf6 4. cxd5 exd5 5. Bg5 Be7 6. Qc2 O-O 7. e3 Bg4 8. f3
Be6 9. Bd3 h6 10. Bh4 c6 11. Nge2 Re8 12. O-O Na6 13. a3 Nc7 14. Rad1 Nh5 15.
Bxe7 Qxe7 16. e4 dxe4 17. fxe4 Rad8 18. e5 Qg5 19. Ne4 Qe7 20. Nd6 Rxd6 21. exd6
Qxd6 22. Qc5 Qxc5 23. dxc5 Bg4 24. Rde1 Re3 25. Bc4 Re7 26. Nc3 Rd7 27. Re5 Nf6
28. h3 Bh5 29. Rxf6 gxf6 30. Rxh5 Kg7 31. Rf5 Rd2 32. Rf2 Rd4 33. Ba2 Na6 34. b4
Rd3 35. Rf3 Rd2 36. Bc4 Nc7 37. Rd3 Rc2 38. Bb3 Rb2 39. Ne4 Re2 40. Rg3+ Kf8 41.
Nd6 Re7 42. Kf2 b6 43. Re3 Rd7 44. Bc4 bxc5 45. bxc5 Kg7 46. Rg3+ Kf8 47. Rb3
Nd5 48. Bxd5 cxd5 49. Rb7 Rxb7 50. Nxb7 Ke7 51. c6 f5 52. Ke3 f6 53. Kd4 Ke6 54.
Kc5 f4 55. a4 f5 56. a5 h5 57. h4 {Black resigns} 1-0

[Event "Team 45 45 League T54"]
[Site "Internet Chess Club"]
[Date "2012.08.17"]
[Round "1"]
[White "Check101"]
[Black "rubo"]
[Result "0-1"]
[WhiteElo "1548"]
[BlackElo "1710"]
[Opening "Caro-Kann: Panov-Botvinnik attack, 5...e6"]
[ECO "B14"]
[Time "16:02:09"]
[TimeControl "2700+45"]

1. e4 c6 2. d4 d5 3. exd5 cxd5 4. c4 Nf6 5. Nc3 e6 6. Nf3 Bb4 7. a3 Qa5 8. Bd2
Bxc3 9. bxc3 dxc4 10. Bxc4 Nc6 11. O-O O-O 12. Re1 Qc7 13. Bd3 g6 14. c4 b6 15.
Bg5 Kg7 16. Qd2 Rd8 17. Bh6+ Kg8 18. Qg5 Qe7 19. Ne5 Nxd4 20. Nxg6 fxg6 21. Bxg6
Kh8 22. Be4 Rg8 23. Qe5 Rb8 24. Qxb8 Nxe4 25. Qe5+ Qf6 26. Rxe4 Nf3+ {White
resigns} 0-1

[Event "Team 45 45 League T54"]
[Site "Internet Chess Club"]
[Date "2012.08.17"]
[Round "1"]
[White "Achelous"]
[Black "IshanR"]
[Result "1/2-1/2"]
[WhiteElo "1729"]
[BlackElo "1834"]
[Opening "Sicilian: Boleslavsky variation, 7.Nb3"]
[ECO "B59"]
[Time "23:45:55"]
[TimeControl "2700+45"]

1. e4 c5 2. Nf3 Nc6 3. d4 cxd4 4. Nxd4 Nf6 5. Nc3 d6 6. Be2 e5 7. Nb3 Be6 8. Be3
d5 9. exd5 Nxd5 10. Nxd5 Bxd5 11. Bf3 e4 12. Be2 Bd6 13. c3 Be6 14. Nc5 Bxc5 15.
Bxc5 Qxd1+ 16. Bxd1 O-O-O 17. Be3 Ne5 18. O-O Bc4 19. Re1 Nd3 20. Bg4+ Kb8 21.
Reb1 g6 22. b3 Bd5 23. a4 f5 24. Be2 Rhe8 25. Bxd3 exd3 26. c4 Be4 27. b4 d2 28.
Rd1 Bc2 29. Rxd2 Rxd2 30. Bxd2 Re2 31. Bf4+ Kc8 32. h3 Re4 33. Be3 Rxc4 34. Rc1
{Game drawn by mutual agreement} 1/2-1/2

[Event "Team 45 45 League T54"]
[Site "Internet Chess Club"]
[Date "2012.08.14"]
[Round "1"]
[White "ice-cream"]
[Black "hondocando"]
[Result "1-0"]
[WhiteElo "1777"]
[BlackElo "1656"]
[Opening "Sicilian: Labourdonnais-Löwenthal (Kalashnikov) variation"]
[ECO "B32"]
[Time "19:30:18"]
[TimeControl "2700+45"]

1. e4 c5 2. Nf3 Nc6 3. d4 cxd4 4. Nxd4 e5 5. Nb5 d6 6. N1c3 a6 7. Na3 h6 8. Nd5
Nf6 9. Be3 Nxe4 10. Bb6 Qh4 11. Nc7+ Ke7 12. Nxa8 Be6 13. Bd3 Bg4 14. g3 Qf6 15.
Qxg4 Ng5 16. O-O-O g6 17. Nc7 Qf3 18. Qxf3 Nxf3 19. Nd5+ Kd7 20. Nc4 Bg7 21. Bc7
f5 22. Ncb6+ Ke6 23. Bc4 Na5 24. Nf4+ Kf6 25. Rxd6+ Ke7 26. Nxg6+ {Black
resigns} 1-0

[Event "Team 45 45 League T54"]
[Site "Internet Chess Club"]
[Date "2012.08.17"]
[Round "1"]
[White "TerryMalloy"]
[Black "kidviper"]
[Result "1/2-1/2"]
[WhiteElo "2059"]
[BlackElo "1982"]
[Opening "Sicilian: accelerated fianchetto, Breyer variation"]
[ECO "B39"]
[Time "16:15:04"]
[TimeControl "2700+45"]

1. e4 c5 2. Nf3 g6 3. c4 Nc6 4. d4 cxd4 5. Nxd4 Bg7 6. Be3 Nf6 7. Nc3 Ng4 8.
Qxg4 Nxd4 9. Qd1 Ne6 10. Qd2 Qa5 11. Rc1 d6 12. Be2 Bd7 13. b3 Bxc3 14. Qxc3
Qxc3+ 15. Rxc3 Bc6 16. f3 O-O 17. Kf2 a5 18. Rhc1 {Game drawn by mutual
agreement} 1/2-1/2

[Event "Team 45 45 League T54"]
[Site "Internet Chess Club"]
[Date "2012.08.19"]
[Round "1"]
[White "hewdondada"]
[Black "JeremyWa"]
[Result "1/2-1/2"]
[WhiteElo "1810"]
[BlackElo "1718"]
[Opening "Trompowsky attack (Ruth, Opocenský opening)"]
[ECO "A45"]
[Time "18:08:54"]
[TimeControl "2700+45"]

1. d4 Nf6 2. Bg5 Ne4 3. Bf4 d5 4. f3 Nf6 5. e4 dxe4 6. Nc3 exf3 7. Nxf3 Bg4 8.
Be2 e6 9. O-O Be7 10. Nb5 Na6 11. c4 O-O 12. a3 c5 13. dxc5 Nxc5 14. b4 Nce4 15.
Qc2 a6 16. Nc3 Bxf3 17. Rxf3 Qd4+ 18. Kf1 Nxc3 19. Qxc3 Qxc3 20. Rxc3 a5 21. Rb1
axb4 22. axb4 Ne4 23. Rd3 Rfd8 24. c5 Rxd3 25. Bxd3 Nc3 26. Rc1 Nd5 27. Bd2 Ra2
28. Rc2 Ra1+ 29. Ke2 h6 30. b5 Kf8 31. c6 bxc6 32. Rxc6 Ra8 33. b6 Rb8 34. b7
Rxb7 35. Rc8+ Bd8 36. Rxd8+ Ke7 37. Ba5 Ra7 38. Rxd5 exd5 39. Bb6 Ra2+ 40. Kf3
Ke6 41. Bc5 g6 42. h3 Ke5 43. g3 Rb2 44. Bf8 Rb3 45. Ke2 h5 46. Bg7+ Ke6 47. Bd4
Ra3 48. Ke3 Ra4 49. h4 Ra3 50. Ke2 Ra2+ 51. Ke3 Ra3 52. Bc5 Ra4 53. Bd4 Ra3 54.
Bc5 Ra4 55. Bd4 {Game drawn by repetition} 1/2-1/2

[Event "Team 45 45 League T54"]
[Site "Internet Chess Club"]
[Date "2012.08.17"]
[Round "1"]
[White "losscause"]
[Black "toukon"]
[Result "1/2-1/2"]
[WhiteElo "1626"]
[BlackElo "1739"]
[Opening "Mieses opening"]
[ECO "A00"]
[Time "21:02:26"]
[TimeControl "2700+45"]

1. d3 d5 2. g3 Nf6 3. Bg2 c6 4. Nf3 Bf5 5. O-O e6 6. Nc3 Nbd7 7. Re1 Bb4 8. a3
Ba5 9. b4 Bb6 10. Bb2 O-O 11. Na4 Bc7 12. Qd2 a5 13. Nc5 b6 14. Nxd7 Nxd7 15.
Nd4 Nb8 16. Nxf5 exf5 17. Qc3 Qg5 18. e4 axb4 19. axb4 Rxa1 20. Bxa1 dxe4 21.
dxe4 f4 22. e5 fxg3 23. hxg3 Qg6 24. Be4 Qe6 25. Kg2 g6 26. b5 c5 27. Bd3 {Game
drawn by mutual agreement} 1/2-1/2

[Event "Team 45 45 League T54"]
[Site "Internet Chess Club"]
[Date "2012.08.17"]
[Round "1"]
[White "kidcobra"]
[Black "bondguy01"]
[Result "1/2-1/2"]
[WhiteElo "1757"]
[BlackElo "1632"]
[Opening "French: advance variation"]
[ECO "C02"]
[Time "19:02:20"]
[TimeControl "2700+45"]

1. e4 e6 2. d4 d5 3. e5 c5 4. c3 Nc6 5. Bb5 Bd7 6. Bxc6 Bxc6 7. Nf3 cxd4 8. cxd4
Bb4+ 9. Bd2 Qa5 10. Bxb4 Qxb4+ 11. Qd2 Qxd2+ 12. Nbxd2 Nh6 13. Nh4 Ke7 14. Rc1
Rac8 15. Nb3 b6 16. O-O Ba4 17. Nd2 Kd7 18. b3 Bb5 19. Rfe1 Rxc1 20. Rxc1 Rc8
21. Rxc8 Kxc8 22. g3 Kd7 23. Kg2 Ke7 24. h3 f6 25. f4 Nf7 26. Nhf3 f5 27. Kf2
Bd3 28. Ke3 Be4 29. Nxe4 fxe4 30. Ng5 Nxg5 31. fxg5 Kf7 32. g4 g6 33. b4 b5 34.
Kf4 Ke7 35. h4 Kd7 36. Ke3 Kc6 37. h5 Kb6 38. a3 a5 39. hxg6 hxg6 {Game drawn by
mutual agreement} 1/2-1/2